montu, chaotic male human Wizard ############### -------- #----------- # #.......| #|.........| ###|......| #|.........| # #..>....| ------------- #|..........## |......| |............#######|...<.....|# ------.- |...........| --.---.----# ### |...-.---....############%###### # |...|.{.|...|# ###`#################### +..*|{.{|...| # # -----.-|- |...|.{.|.*.| |....[).| |...-----..@@# # # |.......| |....n......|# ######## #[#########|.......| |*.........*|# #-----|-----[ #.[......| -------------### #|.........[ ## --------- `########|.........| ###|[.....)..| #+.........| ----------- montu the Thaumaturge Experience level: 6 Strength: 12 Dexterity: 17 Constitution: 12 Intelligence: 18 Wisdom: 12 Charisma: 7 Health: 0(57) Energy: 51(51) Def: 1 Gold: 216 Moves: 3197 Dungeon seed: KdsQtxelo2Ll0uyn Game ID: montu_1681349535 Your Inventory: Coins $ - 216 gold pieces Weapons a - a blessed +1 quarterstaff (weapon in hands) l - 8 blessed +0 darts x - 9 uncursed +0 darts z - 2 cursed -1 orcish daggers E - 2 uncursed +0 orcish daggers Armor e - an uncursed +0 cloak of magic resistance (being worn) N - a blessed +1 orcish helm Comestibles q - 3 uncursed food rations r - 4 uncursed slime molds s - an uncursed tripe ration C - 2 uncursed lichen corpses K - an uncursed lizard corpse Scrolls k - an uncursed scroll of food detection Potions o - an uncursed potion of hallucination p - an uncursed potion of sickness t - a blessed potion of wonder u - an uncursed potion of restore ability D - an uncursed potion of water Rings F - an uncursed ring of regeneration Wands b - an uncursed wand of striking (0:7) j - an uncursed wand of cancellation (0:6) v - an uncursed wand of polymorph (0:6) w - an uncursed wand of digging (0:8) Tools h - an uncursed blindfold A - an uncursed blindfold Gems n - an uncursed worthless piece of violet glass y - an uncursed worthless piece of black glass Y - 2 uncursed worthless pieces of yellowish brown glass Spells and supernatural/magical abilities: Name Level Category Cost Memory a - force bolt 1 attack 8pw 95% i - invisibility 4 escape 50pw 100% m - magic missile 2 attack 16pw 95% v - clairvoyance 3 divination 37pw 100% z - sleep 1 enchantment 8pw 95% D - drain life 2 attack 16pw 95% R - restore ability 4 healing 50pw 100% S - stone to flesh 3 healing 37pw 100% W - pray for help -- divine ? -- Your skills at the end: Fighting Skills wands [Basic] Weapon Skills quarterstaff [Skilled] Spellcasting Skills attack spells [Basic] enchantment spells [Basic] Final Attributes: You were stridently aligned. You were magic resistant. Anhur was noncommittal. You are dead. Vanquished creatures: a lizard a water nymph 3 Mordor orcs a pony a guardian naga hatchling a straw golem a floating eye a kobold lord 13 hill orcs an orc zombie an iguana an acid blob a gas spore a green mold a gnome zombie 2 geckos 7 jackals a kobold 3 goblins 3 sewer rats 5 grid bugs 5 bats 6 lichens a kobold zombie 6 newts 68 creatures vanquished. Voluntary challenges: You used a wielded weapon 111 times, starting on turn 58. You read items or engraved 86 times, starting on turn 2030. You never genocided any monsters. You never polymorphed an object. You never changed form. You used no wishes. You never split a pudding. You wrote Elbereth's name 46 times, starting on turn 2030. You violated your moral code, losing 38 points of alignment, starting on turn 2922. Dungeon overview: The Dungeons of Doom: levels 1 to 6 Level 1 a long staircase Level 2 some fountains Level 3 an altar to Anhur, a fountain Level 4 an altar to Anhur a long staircase Level 5 Level 6 <- You were here many fountains History has recorded: On T:1 you entered the Dungeons of Doom to retrieve the Amulet of Yendor! On T:359 you reached level 2 of The Dungeons of Doom. On T:754 you advanced to experience level 2. On T:952 you reached level 3 of The Dungeons of Doom. On T:1143 you advanced to experience level 3. On T:1419 you reached level 4 of The Dungeons of Doom. On T:1901 you advanced to experience level 4. On T:2010 you reached level 5 of The Dungeons of Doom. On T:2390 you advanced to experience level 5. On T:2561 you reached level 6 of The Dungeons of Doom. On T:2978 you advanced to experience level 6. Score breakdown: Gold: 216 ( 7947 points) Experience: 6 levels (12456 points) Exploration: 6 levels ( 13.04%) (10000 points) Discoveries: 7 items ( 2.35%) ( 4597 points) Valuables value: (no points given unless you survive) Artifact value: 0 ( 0 points) Variety of kills: 25 monsters ( 6.58%) ( 7694 points) Turncount: 3197 turns ( -693 points) Survival: died (score multiplied by 80%) Total score: 33600 Latest messages: You are no longer confused. You stop eating. [6 turns] You resume your meal. You finish eating the guardian naga hatchling corpse. [4 turns] You hear a crunching sound. The Woodland-elf wields a runed short sword! The Woodland-elf thrusts his runed short sword at you. The Woodland-elf hits! The Woodland-elf thrusts his runed short sword at you. The Woodland-elf hits! You hit the Woodland-elf! The Woodland-elf thrusts his runed short sword at you. The Woodland-elf hits! You hit the Woodland-elf! The Woodland-elf thrusts his runed short sword at you. The Woodland-elf hits! The Woodland-elf thrusts his runed short sword at you. The Woodland-elf hits! You hit the Woodland-elf! The Woodland-elf thrusts his runed short sword at you. The Woodland-elf hits! You die... Final status: Goodbye montu the Wizard, killed by a Woodland-elf... You died in The Dungeons of Doom on dungeon level 6 with 33600 points, and 216 pieces of gold, after 3197 moves. You were level 6 with a maximum of 57 hit points when you died.